 Dungeon Crawl Stone Soup version 0.21.1-1-g345015fe64 (webtiles) character file.

244 Ilves the Chopper (level 6, -10/56 HPs)
             Began as a Hill Orc Berserker on Apr 22, 2018.
             Was a Believer of Trog.
             Killed by nerve-wracking pain
             ... invoked by Grinder
              (14 damage)
             ... on level 3 of the Dungeon on Apr 23, 2018.
             The game lasted 00:05:04 (3417 turns).

Ilves the Chopper (Hill Orc Berserker)              Turns: 3417, Time: 00:05:04

Health: -10/56     AC:  5    Str: 20    XL:     6   Next: 10%
Magic:  6/6        EV: 11    Int:  7    God:    Trog [**....]
Gold:   140        SH:  0    Dex: 12    Spells: 5/5 levels left

rFire    . . .     SeeInvis .   a - +0 hand axe
rCold    . . .     Gourm    .   (no shield)
rNeg     . . .     Faith    .   e - +0 ring mail
rPois    .         Spirit   .   (no helmet)
rElec    .         Reflect  .   (no cloak)
rCorr    .         Harm     .   (no gloves)
MR       .....                  (no boots)
Stlth    +.........             (no amulet)
HPRegen  0.18/turn              (no ring)
MPRegen  0.10/turn              (no ring)

@: no status effects
A: no striking features
a: Berserk, Trog's Hand, Burn Spellbooks, Renounce Religion


You were on level 3 of the Dungeon.
You worshipped Trog.
Trog was pleased with you.
You were not hungry.

You visited 1 branch of the dungeon, and saw 3 of its levels.

You collected 140 gold pieces.

Inventory:

Hand Weapons
 a - a +0 hand axe (weapon)
Armour
 e - a +0 ring mail (worn)
 g - a +0 pair of boots
 r - a +0 large shield
Wands
 s - a wand of random effects (15)
Scrolls
 b - 4 scrolls of noise {unknown}
 h - 2 scrolls of remove curse {unknown}
 i - 4 scrolls of identify {unknown}
 k - a scroll of enchant weapon {unknown}
 l - a scroll of enchant armour {unknown}
 m - 3 scrolls of immolation {unknown}
 n - a scroll of magic mapping {unknown}
Potions
 d - a potion of mutation {unknown}
 f - a potion of haste {unknown}
 j - a potion of cancellation {unknown}
 o - a potion of magic {unknown}
 q - a potion of heal wounds {unknown}
Comestibles
 c - 5 rations
 p - 6 chunks of flesh


   Skills:
 + Level 5.3 Fighting
 + Level 7.6 Axes
 - Level 2.1 Armour
 - Level 1.5 Dodging


You had 5 spell levels left.
You didn't know any spells.

Dungeon Overview and Level Annotations

Branches:
Dungeon (3/15)

Altars:
Ashenzari
Okawaru

Annotations:
D:3 Grinder


Message History

You can move again.
Grinder hits you.
You writhe in agony.
Unknown command.
Evoke which item? (* to show all) (? for menu, Esc to quit)
Aiming: Random Effects
Press: ? - help, Shift-Dir - straight line, f/p - Grinder
Aim: Grinder, carrying a wand of digging (9) (lightly wounded)
The mass of ice explodes!
The iceblast engulfs Grinder.
Grinder partially resists.
Grinder is moderately wounded.
The iceblast engulfs you! Grinder hits you.
Unknown command.
Grinder hits you!
* * * LOW HITPOINT WARNING * * *
You writhe in agony.
* * * LOW HITPOINT WARNING * * *
Unknown command.
Grinder gestures at you. Pain shoots through your body!
You die...

######..# #.............
#......<# #...###...###.
#.##########.#.# #...# #.
#............#.###...###.
######################...........
.............# #.................
######.#####.###.#####...........
######.# #..##.....#.###...###.
.......#####....@....#.# #...# #.
####.................#.###...###.
........#####.5......#...........
.......>'...........>####........
........####.##.####.# #........
.#####..+........###.## #...<....
. #..##.####..##...# #........
#..#.# ##.##...# #..)..... #...#
#.##...###........


You could see Grinder.

Vanquished Creatures
  Sigmund (D:3)
  2 adders (D:2)
  A shadow imp (D:2)
  2 worms
  A dart slug (D:1)
  2 giant cockroaches
  A goblin (D:1)
  6 hobgoblins
  11 jackals
  A quokka (D:3)
  2 ball pythons
  7 bats
  3 frilled lizards
  3 kobolds (D:1)
  6 rats
49 creatures vanquished.

Notes
Turn   | Place    | Note
-------+----------+-------------------------------------------
     0 | D:1      | Ilves the Hill Orc Berserker began the quest for the Orb.
     0 | D:1      | Reached XP level 1. HP: 19/19 MP: 1/1
   200 | D:1      | Reached XP level 2. HP: 13/27 MP: 2/2
   885 | D:1      | Reached XP level 3. HP: 27/33 MP: 3/3
   887 | D:1      | Reached ** piety under Trog
   890 | D:1      | Reached skill level 5 in Axes
  2449 | D:2      | Reached XP level 4. HP: 41/41 MP: 4/4
  2797 | D:2      | Found a shattered altar of Ashenzari.
  3104 | D:3      | Noticed Sigmund
  3124 | D:3      | Killed Sigmund
  3124 | D:3      | Reached skill level 5 in Fighting
  3124 | D:3      | Reached skill level 7 in Axes
  3124 | D:3      | Reached XP level 5. HP: 48/48 MP: 5/5
  3124 | D:3      | Reached XP level 6. HP: 56/56 MP: 6/6
  3208 | D:3      | Found an iron altar of Okawaru.
  3386 | D:3      | Noticed Grinder
  3392 | D:3      | Paralysed by Grinder for 5 turns
  3400 | D:3      | Paralysed by Grinder for 4 turns
  3409 | D:3      | Paralysed by Grinder for 2 turns
  3417 | D:3      | Killed from afar by Grinder

Skill      XL: |  1  2  3  4 |
---------------+-------------+-----
Fighting       | 4 5 |  5.3
Axes           | 5 7 |  7.6
Armour         | |  2.1
Dodging        | |  1.5

Action                   |  1- 3 |  4- 6 || total
-------------------------+-------+-------++-------
Melee: Hand axe          |   143 |    79 ||   222
Invok: Berserk           |       |     1 ||     1
Evoke: Wand              |       |     2 ||     2
  Eat: Chunk             |     5 |     4 ||     9
Armor: Ring mail         |    61 |    21 ||    82
Dodge: Dodged            |    89 |    35 ||   124
